 Dungeon Crawl Stone Soup version 0.31.0-11-ge490571c62 (webtiles) character file.

Game seed: 17265829614861051246

165 qw the Skirmisher (level 5, -3/29 HPs)
             Began as a Deep Elf Hunter on Feb 3, 2024.
             Slain by a goblin
             ... wielding a +0 club
             ... led by Robin
              (5 damage)
             ... on level 4 of the Dungeon.
             The game lasted 00:00:09 (2563 turns).

qw the Skirmisher (Deep Elf Hunter)                 Turns: 2563, Time: 00:00:10

Health: -3/29      AC:  8    Str: 10    XL:     5   Next: 22%
Magic:  7/7        EV: 11    Int: 14    God:
Gold:   62         SH:  0    Dex: 18    Spells: 4/4 levels left

rFire   . . .        a - +1 shortbow
rCold   . . .        (shield currently unavailable)
rNeg    . . .        g - +0 ring mail
rPois   .            m - +0 helmet
rElec   .            (no cloak)
rCorr   .            e - +1 pair of gloves
SInv    .            (no boots)
Will    .....        i - amulet of the acrobat
Stlth   +            (no ring)
HPRegen 0.24/turn    (no ring)
MPRegen 0.10/turn

%: acrobat
@: no status effects
A: no striking features
a: no special abilities


You were on level 4 of the Dungeon.
You visited 1 branch of the dungeon, and saw 4 of its levels.

You collected 185 gold pieces.
You spent 123 gold pieces at shops.


   Skills:
 - Level 1.5 Fighting
 + Level 8.7 Ranged Weapons
 - Level 2.4 Dodging
 - Level 1.2 Stealth


You had 4 spell levels left.
You didn't know any spells.
Your spell library was empty.

Inventory:

Hand Weapons
 a - a +1 shortbow (weapon)
Armour
 e - a +1 pair of gloves (worn)
 g - a +0 ring mail (worn)
 m - a +0 helmet (worn)
Jewellery
 i - an amulet of the acrobat (around neck)
 k - a ring of poison resistance
Scrolls
 h - a scroll of poison {unknown}
 l - 2 scrolls of teleportation
Potions
 b - a potion of heal wounds
 c - a potion of mutation
 d - 3 potions of haste
 f - 2 potions of curing
 j - 4 potions of enlightenment
 p - a potion of brilliance {unknown}

Dungeon Overview and Level Annotations

Branches:
Dungeon (4/15)
 Temple: D:4-7

Altars:
Cheibriados
Fedhas
Kikubaaqudgha
Trog
Xom

Shops:
D:3 ?

Annotations:
D:3 1 runed translucent door, qw's ghost, amateur SpHu
D:4 Robin


Message History

The goblin hits you but does no damage.
You shoot an arrow. The arrow hits the goblin.
You kill the goblin!
The goblin closely misses you. The goblin barely misses you.
The goblin hits you but does no damage.
You shoot an arrow. The arrow hits the goblin.
You kill the goblin!
The goblin hits you but does no damage.
You shoot an arrow. The arrow hits the goblin.
You kill the goblin!
The goblin barely misses you. The goblin misses you.
The goblin barely misses you.
You shoot an arrow. The arrow hits the goblin!
You kill the goblin!
The goblin barely misses you.
You shoot an arrow. The arrow barely misses the hobgoblin.
The arrow hits the hobgoblin.
You kill the hobgoblin!
The goblin misses you. Robin throws the goblin at you!
The goblin hits you with a +0 dagger.
You shoot an arrow. The arrow hits the goblin!
You kill the goblin!
The hobgoblin no longer looks unusually strong.
The hobgoblin hits you. The hobgoblin barely misses you.
The goblin closely misses you.
You shoot an arrow. The arrow hits the hobgoblin.
The hobgoblin is moderately wounded.
The hobgoblin barely misses you.
Robin roars a battlecry!
The hobgoblin goes into a battle-frenzy!
The goblin hits you with a +0 club.
The hobgoblin hits you but does no damage.
You shoot an arrow. The arrow closely misses the hobgoblin.
The hobgoblin closely misses you. The goblin hits you but does no damage.
The hobgoblin barely misses you.
You shoot an arrow. The arrow closely misses the hobgoblin.
The hobgoblin barely misses you. The hobgoblin hits you.
The goblin hits you with a +0 club. The hobgoblin barely misses you.
The goblin hits you with a +0 club.
You die...

#.# #.# #.......
#.# #.###.###...
..# #.....# ##..
#####.# ##. #.# ##
.###### #.# ##
......## #.#
....###g).#######.#
.....gg@#..=......#
....)o#g).#.#######
..... ##>##.# #####
.... #.##.# #...#
#!. ..##.# #.... ..
####..# #...# . .##
##.## . #.# #.#


You could see Robin, an orc, 2 hobgoblins and a goblin (strong).

Vanquished Creatures
  A jelly (D:4)
  Jessica (D:2)
  An iguana (D:4)
  An adder (D:2)
  A ribbon worm (D:3)
  An orc (D:4)
  10 ball pythons
  7 endoplasms
  6 giant cockroaches
  11 goblins
  10 hobgoblins
  A quokka (D:2)
  6 bats
  3 frilled lizards
  4 kobolds
  2 rats (D:1)
66 creatures vanquished.

Notes
Turn   | Place    | Note
-------+----------+-------------------------------------------
     0 | D:1      | qw the Deep Elf Hunter began the quest for the Orb.
     0 | D:1      | Reached XP level 1. HP: 12/12 MP: 3/3
     0 | D:1      | 0 ||| qw: Version: 0.3-a-157-g843a77d
     0 | D:1      | 0 ||| qw: Game counter: 3855
     0 | D:1      | 0 ||| qw: Melee chars always use a shield: true
     0 | D:1      | 0 ||| qw: God list: Okawaru
     0 | D:1      | 0 ||| qw: Allow faded altars: false
     0 | D:1      | 0 ||| qw: Do Orc after clearing Dungeon:15 true
     0 | D:1      | 0 ||| qw: Do second Lair branch before Depths: true
     0 | D:1      | 0 ||| qw: Lair rune preference: random
     0 | D:1      | 0 ||| qw: Goals: Normal
     0 | D:1      | 0 ||| PLANNING D:1-11
   111 | D:1      | Reached skill level 6 in Ranged Weapons
   111 | D:1      | Reached XP level 2. HP: 16/16 MP: 4/4
   513 | D:1      | Found a faded altar of an unknown god.
   738 | D:1      | 738 ||| UPGRADING to +0 pair of gloves.
   743 | D:1      | 743 ||| UPGRADING to amulet of the acrobat.
   748 | D:1      | 748 ||| READING scroll labelled DUWATI LIXTUMM.
   777 | D:1      | 777 ||| READING scroll labelled ICWAAT ISUYLL.
   777 | D:1      | 777 ||| ENCHANTING +0 shortbow.
   778 | D:1      | 778 ||| READING scroll labelled MUQOTE VEHOTS.
   779 | D:1      | 779 ||| READING scroll labelled JOGADO SOAXOMM.
   779 | D:1      | 779 ||| IDENTIFYING fizzy brown potion
   780 | D:1      | 780 ||| DRINKING 2 white potions.
   781 | D:1      | 781 ||| DROPPING scroll of butterflies.
   822 | D:2      | Reached XP level 3. HP: 20/20 MP: 5/5
  1085 | D:2      | Reached skill level 7 in Ranged Weapons
  1114 | D:2      | Noticed Jessica
  1117 | D:2      | Killed Jessica
  1118 | D:2      | Reached XP level 4. HP: 25/25 MP: 6/6
  1531 | D:2      | 1531 ||| UPGRADING to +0 ring mail.
  1541 | D:2      | 1541 ||| DROPPING +0 leather armour.
  1542 | D:2      | 1542 ||| DROPPING ring of flight.
  1543 | D:2      | 1543 ||| DROPPING ring of wizardry.
  1544 | D:2      | 1544 ||| READING scroll labelled JIGETE ESUR.
  1626 | D:3      | Found a shimmering altar of Xom.
  1641 | D:3      | Found a runed translucent door.
  1697 | D:3      | Found a bloodstained altar of Trog.
  1789 | D:3      | Found a blossoming altar of Fedhas.
  1879 | D:3      | Identified the +0 mace "Imp's Undoing" {freeze, rC+ Int+4}
  1998 | D:3      | Found Hatisemm's Magic Scroll Shop.
  2006 | D:3      | 2006 ||| BUYING scroll of enchant armour (97 gold).
  2006 | D:3      | Bought a scroll of enchant armour for 97 gold pieces
  2006 | D:3      | 2006 ||| BUYING scroll of identify (26 gold).
  2006 | D:3      | Bought a scroll of identify for 26 gold pieces
  2006 | D:3      | 2006 ||| SHOPLISTING scroll of identify (26 gold, have 3).
  2006 | D:3      | 2006 ||| SHOPLISTING scroll of teleportation (39 gold, have
                  | 3).
  2006 | D:3      | 2006 ||| READING scroll of enchant armour.
  2006 | D:3      | 2006 ||| ENCHANTING +0 pair of gloves.
  2045 | D:3      | Noticed qw's ghost (amateur SpHu)
  2103 | D:3      | 2103 ||| UPGRADING to +0 helmet.
  2108 | D:3      | 2108 ||| READING 4 scrolls of identify.
  2108 | D:3      | 2108 ||| IDENTIFYING fizzy grey potion
  2109 | D:3      | 2109 ||| READING 3 scrolls of identify.
  2109 | D:3      | 2109 ||| IDENTIFYING bubbling black potion
  2110 | D:3      | 2110 ||| READING 2 scrolls of identify.
  2110 | D:3      | 2110 ||| IDENTIFYING yellow potion
  2111 | D:3      | 2111 ||| READING scroll of identify.
  2111 | D:3      | 2111 ||| IDENTIFYING sedimented cyan potion
  2112 | D:3      | 2112 ||| READING scroll labelled TOZOZE NORYU.
  2113 | D:3      | 2113 ||| DRINKING 3 bubbling golden potions.
  2114 | D:3      | 2114 ||| DRINKING 2 grey potions.
  2115 | D:3      | 2115 ||| DROPPING potion of magic.
  2116 | D:3      | 2116 ||| DROPPING potion of attraction.
  2117 | D:3      | 2117 ||| DROPPING potion of lignification.
  2182 | D:4      | Reached skill level 8 in Ranged Weapons
  2191 | D:4      | Found a snail-covered altar of Cheibriados.
  2193 | D:4      | Found an ancient bone altar of Kikubaaqudgha.
  2408 | D:4      | Reached XP level 5. HP: 29/29 MP: 7/7
  2544 | D:4      | Noticed Robin
  2563 | D:4      | HP: 3/29 [hobgoblin[Robin] (5)]
  2563 | D:4      | Slain by a goblin

Levels and vault maps discovered:
D:1:      dpeg_arrival_lava_temple_mockup, layout_loops_cross,
          shapermc_ecumenical_altar_mp_highgroup, minmay_small_reverse_x
D:2:      layout_loops_ring, uniq_jessica
D:3:      layout_basic, lemuel_tele_altar, brannock_xom_greatest_gift,
          mainiacjoe_overflow_alcove_2, ebering_ghost_reflecting_pool,
          serial_shops, shop
D:4:      cheibrodos_old_hovel, layout_loops_ring, jmf_multi_god_temple,
          minivault_23, minivault_26, eino_tiny_chamber,
          uniq_crazy_yiuf_cottage, uniq_robin

Skill      XL: |  1  2  3  4 |
---------------+-------------+-----
Ranged Weapons | 6 7 8 |  8.7
Fighting       | |  1.5
Dodging        | |  2.4
Stealth        | |  1.2

Action                     |  1- 3 |  4- 6 || total
---------------------------+-------+-------++-------
   Fire: Shortbow          |   103 |    71 ||   174
    Use: Scroll            |     4 |     7 ||    11
         Potion            |     1 |     2 ||     3
 Armour: Leather armour    |    15 |       ||    15
         Ring mail         |       |    40 ||    40
  Dodge: Dodged            |     6 |    39 ||    45

Table legend:
 A = Non-vault XP
 B = Vault XP
 C = Vault XP percentage of total XP
 D = Non-vault monster count
 E = Vault monster count
 F = Vault count percentage of total count
                 A         B        C        D         E       F
            +---------+---------+-------+---------+---------+-------
      Total |     171 |      66 |  27.8 |      50 |      16 |  24.2
            +---------+---------+-------+---------+---------+-------
        D:1 |      30 |       7 |  18.9 |      20 |       4 |  16.7
        D:2 |      35 |      37 |  51.4 |      14 |       1 |   6.7
        D:3 |      22 |       0 |   0.0 |      11 |       0 |   0.0
        D:4 |      84 |      22 |  20.8 |       5 |      11 |  68.8
            +---------+---------+-------+---------+---------+-------
